 Dungeon Crawl Stone Soup version 0.29-a0-577-gafbf2c5d25 (webtiles) character file.

Game seed: 8328687336395530390

72 wingedge the Chopper (level 4, 35/35 HPs)
             Began as a Human Cinder Acolyte on June 8, 2022.
             Was a High Priest of Ignis.
             Quit the game on level 2 of the Dungeon on June 13, 2022.
             The game lasted 00:07:46 (2724 turns).

wingedge the Chopper (Human Cinder Acolyte)         Turns: 2724, Time: 00:07:46

Health: 35/35      AC: 11    Str: 14    XL:     4   Next: 48%
Magic:  5/5        EV:  8    Int: 15    God:    Ignis [*****.]
Gold:   98         SH:  0    Dex: 10    Spells: 5/5 levels left

rFire   . . .      SeeInvis .   a - -1 hand axe (flame)
rCold   + + .      Faith    .   (no shield)
rNeg    . . .      Spirit   .   r - +0 ice dragon scales
rPois   .          Reflect  .   p - +1 helmet
rElec   .          Harm     .   (no cloak)
rCorr   .          Rampage  .   (no gloves)
Will    .....                   (no boots)
Stlth   ..........              (no amulet)
HPRegen 0.11/turn               (no ring)
MPRegen 0.09/turn               (no ring)

@: no status effects
A: no striking features
a: Renounce Religion, Fiery Armour, Foxfire Swarm, Rising Flame


You were on level 2 of the Dungeon.
You worshipped Ignis.
Ignis was extremely pleased with you.
You visited 1 branch of the dungeon, and saw 2 of its levels.

You collected 98 gold pieces.

Inventory:

Hand Weapons
 a - a -1 hand axe of flaming (weapon)
 l - a +2 dagger of protection
Missiles
 j - 9 poisoned darts (quivered)
Armour
 b - a +0 robe
 f - a +0 leather armour
 m - a +0 ring mail
 n - a +0 chain mail
 p - a +1 helmet (worn)
 r - +0 ice dragon scales (worn)
Scrolls
 d - a scroll of magic mapping {unknown}
 g - a scroll of identify {unknown}
 h - a scroll of noise {unknown}
 k - a scroll of vulnerability {unknown}
 q - a scroll of brand weapon {unknown}
 s - a scroll of amnesia {unknown}
 t - a scroll of teleportation {unknown}
Potions
 c - 6 potions of curing {unknown}
 e - a potion of attraction {unknown}
 i - a potion of haste {unknown}


   Skills:
 - Level 3.0 Fighting
 + Level 4.0 Axes
 - Level 2.2 Throwing
 * Level 0.8 Armour
 - Level 0.2 Dodging
 - Level 1.0 Spellcasting
 - Level 3.0 Fire Magic


You had 5 spell levels left.
You didn't know any spells.
Your spell library contained the following spells:

 Spells                   Type           Power      Damage    Failure   Level
 Scorch                   Fire           18%        2d5       54%         2


Dungeon Overview and Level Annotations

Branches:
Dungeon (2/15)

Altars:


Message History

Press: ? - help, Q - select action, (/) - cycle Shift-Dir - straight line, f/p - worm
Aim: a worm (moderately wounded, 77% to hit)
You throw a boomerang. The boomerang hits the worm.
The worm is heavily wounded.
Throw: 9 darts (poison)
Press: ? - help, Q - select action Shift-Dir - straight line, f/p - worm
Aim: a worm (heavily wounded, 77% to hit)
You throw a poisoned dart. The poisoned dart hits the worm.
The worm is heavily wounded.
Throw: 8 darts (poison)
Press: ? - help, Q - select action Shift-Dir - straight line, f/p - worm
Aim: a worm (heavily wounded, 77% to hit)
You throw a poisoned dart.
The poisoned dart barely misses the worm.
Throw: 7 darts (poison)
Press: ? - help, Q - select action Shift-Dir - straight line, f/p - worm
Aim: a worm (heavily wounded, 77% to hit)
You throw a poisoned dart. The poisoned dart hits the worm.
The worm is poisoned.
The worm is heavily wounded.
You hit the worm. You burn the worm.
The worm is almost dead.
The worm barely misses you.
You hit the worm. You burn the worm.
You kill the worm!
j - 7 poisoned darts (gained 1)
j - 9 poisoned darts (gained 2)
You start waiting.
Done waiting.
Save game and exit?
Welcome back, wingedge the Human Cinder Acolyte.
The flames of Ignis gently warm you.
Press ? for a list of commands and other information.
Save game and exit?
Okay, then.
Save game and exit?
Welcome back, wingedge the Human Cinder Acolyte.
The flames of Ignis gently warm you.
Press ? for a list of commands and other information.
Are you sure you want to abandon this character and quit the game? (Confirm with "yes".)

#.#######.#########.....
#.# #...............
#.#######...............
#.#.........)...........
#.##.#####..............
#.##....................
#....................
###.........#####.
#....@......#
#.#.##+###### #.. #. #


There were no monsters in sight!

Vanquished Creatures
  Robin (D:2)
  A worm (D:2)
  2 dart slugs
  3 bats
  4 endoplasms (D:1)
  A giant cockroach (D:1)
  10 goblins (D:2)
  10 hobgoblins
  6 ball pythons (D:1)
  4 frilled lizards
  5 kobolds
  3 rats
50 creatures vanquished.

Notes
Turn   | Place    | Note
-------+----------+-------------------------------------------
     0 | D:1      | wingedge the Human Cinder Acolyte began the quest for the
                  | Orb.
     0 | D:1      | Reached XP level 1. HP: 18/18 MP: 2/2
   322 | D:1      | Reached XP level 2. HP: 22/24 MP: 3/3
  1085 | D:1      | Reached XP level 3. HP: 29/29 MP: 4/4
  1616 | D:1      | Reached skill level 4 in Axes
  1758 | D:2      | Reached skill level 1 in Throwing
  1779 | D:2      | Noticed Robin
  1829 | D:2      | Killed Robin
  1830 | D:2      | Reached XP level 4. HP: 8/35 MP: 5/5
  2724 | D:2      | Upgraded the game from 0.29-a0-555-g3b24f45cc1 to
                  | 0.29-a0-577-gafbf2c5d25
  2724 | D:2      | Quit the game

Illustrated notes

Levels and vault maps discovered:
D:1:      lemuel_arrival_cross, layout_loops_corners, roderic_lattice_a,
          nicolae_concentric_dashed_squares_wild
D:2:      layout_basic, dilly_ecumenical_altar_fadedgnrine, kennysheep_path_1,
          chequers_arboretum, minivault_5, uniq_robin

Skill      XL: |  1  2  3 |
---------------+----------+-----
Axes           | 4 |  4.0
Throwing       | 2 |  2.2
Fighting       | |  3.0
Armour         | |  0.8
Dodging        | |  0.2
Spellcasting   | |  1.0
Fire Magic     | |  3.0

Action                   |  1- 3 |  4- 6 || total
-------------------------+-------+-------++-------
Melee: Hand axe          |   119 |    13 ||   132
       Punch             |     3 |       ||     3
Throw: Boomerang         |     8 |    21 ||    29
       Dart              |     1 |     3 ||     4
Armor: Robe              |    11 |       ||    11
       Leather armour    |    10 |       ||    10
       Ring mail         |    18 |     1 ||    19
       Ice dragon scales |       |     5 ||     5
Dodge: Dodged            |    71 |     6 ||    77

Table legend: (Time is in decaauts)
 A = Elapsed time spent in this place.
 B = Non-inter-level travel time spent in this place.
 C = Inter-level travel time spent in this place.
 D = Time resting spent in this place.
 E = Time spent auto-exploring this place.
 F = Levels seen in this place.
 G = Mean time per level.
                   A        B        C        D        E       F      G
               +--------+--------+--------+--------+--------+-----+--------+
         Total |   2744 |   2699 |     45 |    787 |   1398 |   2 | 1372.0 |
       Dungeon |   2744 |   2699 |     45 |    787 |   1398 |   2 | 1372.0 |
               +--------+--------+--------+--------+--------+-----+--------+

Top non-repeatable levels by time:
     D:1: 1714 daAuts
     D:2: 1029 daAuts
